 Dungeon Crawl Stone Soup version 0.23.0 (webtiles) character file.

Game seed: 15255212655088918437

547 Goboxel the Charmwright (level 7, 0/56 HPs)
             Began as a Gnoll Skald on Feb 16, 2019.
             Succumbed to a gnoll sergeant's poison
             ... on level 4 of the Dungeon.
             The game lasted 00:07:36 (2629 turns).

Goboxel the Charmwright (Gnoll Skald)               Turns: 2629, Time: 00:07:36

Health: 0/56       AC:  3    Str: 13    XL:     7   Next: 28%
Magic:  9/24       EV: 20    Int: 16    God:
Gold:   173        SH:  0    Dex: 21    Spells: 6/17 levels left

rFire    + . .     SeeInvis .   p - +3 short sword
rCold    . . .     Gourm    .   (no shield)
rNeg     . . .     Faith    .   A - +0 leather armour {rF+}
rPois    .         Spirit   .   (no helmet)
rElec    .         Reflect  .   (no cloak)
rCorr    .         Harm     .   (no gloves)
MR       +....                  (no boots)
Stlth    +++.......             i - amulet of regeneration
HPRegen  0.58/turn              g - ring of magical power
MPRegen  0.19/turn              v - ring of protection from magic

@: agile, lethally poisoned (0 -> -10), infused, singing, flying, hasted, very
quick
A: distributed training, fangs 1, strong nose
a: no special abilities


You were on level 4 of the Dungeon.
You were not hungry.

You visited 1 branch of the dungeon, and saw 4 of its levels.

You collected 173 gold pieces.

Inventory:

Hand Weapons
 a - a +0 falchion
 p - a +3 short sword (weapon)
Missiles
 s - 2 javelins (quivered)
Armour
 A - a +0 leather armour of fire resistance (worn)
Jewellery
 g - a ring of magical power (left hand)
 i - an amulet of regeneration (around neck)
 l - an uncursed ring of see invisible
 m - an uncursed ring of flight
 v - a ring of protection from magic (right hand)
 y - an uncursed ring of protection from fire
Wands
 z - a wand of polymorph (6)
Scrolls
 n - 3 scrolls of teleportation
 o - a scroll of magic mapping {unknown}
 r - 3 scrolls of identify {unknown}
 t - a scroll of enchant weapon {unknown}
 u - a scroll of amnesia {unknown}
 x - 3 scrolls of remove curse {unknown}
Potions
 c - a potion of curing {unknown}
 e - a potion of brilliance {unknown}
 f - a potion of mutation {unknown}
 h - 2 potions of haste
 j - a potion of heal wounds {unknown}
 k - a potion of degeneration {unknown}
 q - a potion of flight
 w - a potion of might {unknown}
Comestibles
 b - 7 chunks of flesh
 d - 2 rations


   Skills:
 + Level 5.2 Fighting
 + Level 2.3 Short Blades
 + Level 5.2 Long Blades
 + Level 2.3 Axes
 + Level 2.3 Maces & Flails
 + Level 2.3 Polearms
 + Level 2.3 Staves
 + Level 2.3 Slings
 + Level 2.3 Bows
 + Level 2.3 Crossbows
 + Level 2.3 Throwing
 + Level 3.5 Armour
 + Level 5.2 Dodging
 + Level 2.3 Stealth
 + Level 2.3 Shields
 + Level 2.3 Unarmed Combat
 + Level 5.5 Spellcasting
 + Level 1.9 Conjurations
 + Level 1.9 Hexes
 + Level 5.8 Charms
 + Level 1.9 Summonings
 + Level 1.9 Necromancy
 + Level 1.9 Translocations
 + Level 1.9 Transmutations
 + Level 1.9 Fire Magic
 + Level 1.9 Ice Magic
 + Level 1.9 Air Magic
 + Level 1.9 Earth Magic
 + Level 1.9 Poison Magic
 + Level 2.6 Invocations
 + Level 2.3 Evocations


You had 6 spell levels left.
You knew the following spells:

 Your Spells              Type           Power        Failure   Level  Hunger
a - Infusion              Chrm           ###.         1%          1    None
b - Song of Slaying       Chrm           ###.....     2%          2    #......
c - Shroud of Golubria    Chrm/Tloc      ###.......   5%          2    #......
d - Regeneration          Chrm/Necr      ###.......   11%         3    ###....
e - Spectral Weapon       Hex/Chrm       ###.....     11%         3    ###....

Your spell library contained the following spells:

 Spells                   Type           Power        Failure   Level  Hunger


Dungeon Overview and Level Annotations

Branches:
Dungeon (4/15)
 Temple: D:4-7

Altars:
Fedhas
Hepliaklqana


Innate Abilities, Weirdness & Mutations

Your experience applies equally to all skills.
You have very sharp teeth.
Your uncanny sense of smell can sniff out nearby items.


Message History

* * * LOW HITPOINT WARNING * * *
You feel very sick.
You hit the gnoll! Your bite misses the gnoll.
The gnoll is heavily wounded.
* * * LOW HITPOINT WARNING * * *
You feel sick.
Your spectral weapon hits the gnoll.
The gnoll completely misses you.
Unknown command.
You hit the gnoll.
You kill the gnoll!
* * * LOW HITPOINT WARNING * * *
You feel very sick.
Unknown command.
It was a potion of flight.
You feel very buoyant.
You fly up into the air.
* * * LOW HITPOINT WARNING * * *
You feel sick.
It was a potion of haste.
You feel yourself speed up.
You die...

####### .........
.........# ##.#
..........# #...
...........# #...##
...........# .....
(.........#########..###
#.................g...
#.......@)########...####
#.......(.#.....# #......
#.........#.....###..####
#.....(.........'....#
#....†..........####.#
#..........###### #..###
#..........# ##.##.
#..........# ..#.
##########.# #.#


You could see a friendly spectral +3 short sword.

Vanquished Creatures
  An ogre (D:4)
  A gnoll sergeant (D:4)
  An orc priest (D:3)
  4 worker ants (D:4)
  4 orc wizards (D:3)
  7 adders
  2 gnolls (D:4)
  2 oozes (D:3)
  2 worms
  2 dart slugs
  A leopard gecko (D:3)
  11 orcs (D:3)
  9 bats
  3 giant cockroaches
  4 goblins
  3 hobgoblins
  9 kobolds
  A quokka (D:4)
  3 ball pythons
  7 frilled lizards
  5 rats
82 creatures vanquished.

Vanquished Creatures (others)
  A spectral weapon (D:4)
1 creature vanquished.

Grand Total: 83 creatures vanquished

Notes
Turn   | Place    | Note
-------+----------+-------------------------------------------
     0 | D:1      | Goboxel the Gnoll Skald began the quest for the Orb.
     0 | D:1      | Reached XP level 1. HP: 20/20 MP: 6/6
   429 | D:1      | Reached XP level 2. HP: 25/26 MP: 7/7
   436 | D:1      | Learned a level 2 spell: Song of Slaying
   439 | D:1      | Learned a level 2 spell: Shroud of Golubria
   967 | D:2      | Reached skill level 5 in Spellcasting
   967 | D:2      | Reached XP level 3. HP: 26/31 MP: 9/9
  1032 | D:2      | Found a hazy altar of Hepliaklqana.
  1071 | D:2      | Reached skill level 1 in Invocations
  1352 | D:2      | Reached skill level 1 in Short Blades
  1352 | D:2      | Reached skill level 1 in Axes
  1352 | D:2      | Reached skill level 1 in Maces & Flails
  1352 | D:2      | Reached skill level 1 in Polearms
  1352 | D:2      | Reached skill level 1 in Staves
  1352 | D:2      | Reached skill level 1 in Slings
  1352 | D:2      | Reached skill level 1 in Bows
  1352 | D:2      | Reached skill level 1 in Crossbows
  1352 | D:2      | Reached skill level 1 in Throwing
  1352 | D:2      | Reached skill level 1 in Stealth
  1352 | D:2      | Reached skill level 1 in Shields
  1352 | D:2      | Reached skill level 1 in Unarmed Combat
  1352 | D:2      | Reached skill level 1 in Evocations
  1496 | D:3      | Reached XP level 4. HP: 19/38 MP: 11/11
  1598 | D:3      | Reached skill level 1 in Conjurations
  1598 | D:3      | Reached skill level 1 in Hexes
  1598 | D:3      | Reached skill level 1 in Summonings
  1598 | D:3      | Reached skill level 1 in Necromancy
  1598 | D:3      | Reached skill level 1 in Translocations
  1598 | D:3      | Reached skill level 1 in Transmutations
  1598 | D:3      | Reached skill level 1 in Fire Magic
  1598 | D:3      | Reached skill level 1 in Ice Magic
  1598 | D:3      | Reached skill level 1 in Air Magic
  1598 | D:3      | Reached skill level 1 in Earth Magic
  1598 | D:3      | Reached skill level 1 in Poison Magic
  1605 | D:3      | Reached XP level 5. HP: 10/43 MP: 10/12
  1805 | D:3      | Found a blossoming altar of Fedhas.
  1822 | D:3      | Reached XP level 6. HP: 47/50 MP: 0/13
  2105 | D:3      | Learned a level 3 spell: Regeneration
  2109 | D:3      | Learned a level 3 spell: Spectral Weapon
  2457 | D:4      | Reached skill level 5 in Fighting
  2457 | D:4      | Reached skill level 5 in Long Blades
  2457 | D:4      | Reached skill level 5 in Dodging
  2536 | D:4      | Reached XP level 7. HP: 56/56 MP: 7/15
  2628 | D:4      | HP: 2/56 [poisoned by a gnoll sergeant]
  2629 | D:4      | Succumbed to a gnoll sergeant's poison

Skill      XL: |  1  2  3  4  5  6 |
---------------+-------------------+-----
Spellcasting   | 5 |  5.5
Invocations    | 1 2 |  2.6
Short Blades   | 1 2 |  2.3
Axes           | 1 2 |  2.3
Maces & Flails | 1 2 |  2.3
Polearms       | 1 2 |  2.3
Staves         | 1 2 |  2.3
Slings         | 1 2 |  2.3
Bows           | 1 2 |  2.3
Crossbows      | 1 2 |  2.3
Throwing       | 1 2 |  2.3
Stealth        | 1 2 |  2.3
Shields        | 1 2 |  2.3
Unarmed Combat | 1 2 |  2.3
Evocations     | 1 2 |  2.3
Conjurations   | 1 |  1.9
Hexes          | 1 |  1.9
Summonings     | 1 |  1.9
Necromancy     | 1 |  1.9
Translocations | 1 |  1.9
Transmutations | 1 |  1.9
Fire Magic     | 1 |  1.9
Ice Magic      | 1 |  1.9
Air Magic      | 1 |  1.9
Earth Magic    | 1 |  1.9
Poison Magic   | 1 |  1.9
Armour         | 3 |  3.5
Fighting       | 5 |  5.2
Long Blades    | 5 |  5.2
Dodging        | 5 |  5.2
Charms         | |  5.8

Action                   |  1- 3 |  4- 6 |  7- 9 || total
-------------------------+-------+-------+-------++-------
Melee: Falchion          |    39 |       |       ||    39
       Bite              |     7 |    10 |     2 ||    19
       Short sword       |    27 |    97 |    13 ||   137
       Punch             |       |     2 |       ||     2
Throw: Javelin           |    10 |     2 |       ||    12
 Cast: Infusion          |    13 |     8 |     1 ||    22
       Song of Slaying   |     2 |     3 |     1 ||     6
       Shroud of Golubri |     1 |     5 |     1 ||     7
       Spectral Weapon   |       |     3 |     1 ||     4
  Use: Scroll            |     1 |       |       ||     1
       Potion            |       |       |     3 ||     3
 Stab: Sleeping          |     2 |     4 |       ||     6
  Eat: Chunk             |     2 |     4 |       ||     6
Armor: Leather armour    |    17 |    11 |       ||    28
Dodge: Dodged            |    53 |    53 |     8 ||   114
       Rpst.: Falchion   |    12 |       |       ||    12
